UNITED STATES SILVER LEAGUE
MONTREAL RIVERMEN VS ROCKY MOUNTAIN BEARS
08/19/2014
 
TOP OF THE 1ST
Rocky Mountain Bears batting - Pitching for Montreal Rivermen : LHP Miguel Cruz
Pitching: LHP Miguel Cruz
Batting: RHB Mark Melton 0-0: Called Strike
0-1: Called Strike
0-2: Ball
1-2: Strikes out looking
Batting: SHB Charles Waller 0-0: Ball
1-0: Foul Ball, location: 2F
1-1: Called Strike
1-2: Foul Ball, location: 2F
1-2: Reached on error, E6 (Groundball, 6)
Batting: SHB Jim Morris 0-0: Foul Ball, location: 2F
0-1: Fly out, F8 (Flyball, 8LM)
Batting: RHB Melvin Hunter 0-0: Ball
1-0: Called Strike
1-1: Foul Ball, location: 2F
1-2: Ball
2-2: Strikes out swinging
Top of the 1st over - 0 run(s), 0 hit(s), 1 error(s), 1 left on base; Rocky Mountain 0 - Montreal 0
BOTTOM OF THE 1ST
Montreal Rivermen batting - Pitching for Rocky Mountain Bears : RHP John Braun
Pitching: RHP John Braun
Batting: LHB António López 0-0: Bunted foul
0-1: Foul Ball, location: 2F
0-2: Strikes out swinging
Batting: RHB Dave King 0-0: Ball
1-0: Ball
2-0: SINGLE (Line Drive, 34D)
Batting: LHB Peter Heath 0-0: Called Strike
0-1: Foul Ball, location: 2F
0-2: Ball
Wild Pitch!
Dave King to second
1-2: Ball
2-2: Ball
3-2: Strikes out swinging
Batting: RHB Kevin Howard 0-0: Fly out, F8 (Flyball, 8RS)
Bottom of the 1st over - 0 run(s), 1 hit(s), 0 error(s), 1 left on base; Rocky Mountain 0 - Montreal 0
TOP OF THE 2ND
Rocky Mountain Bears batting - Pitching for Montreal Rivermen : LHP Miguel Cruz
Batting: RHB Cliff Dixon 0-0: Ball
1-0: Ball
2-0: Ball
3-0: Called Strike
3-1: Foul Ball, location: 2F
3-2: Base on Balls
Batting: RHB Merrill Campbell 0-0: Called Strike
0-1: Called Strike
0-2: Ball
1-2: Strikes out swinging
Batting: RHB Jason Nicholson 0-0: Called Strike
0-1: Foul Ball, location: 2F
0-2: SINGLE (Groundball, 56D)
Cliff Dixon to second
Batting: RHB Alejandro Robles 0-0: Ball
1-0: SINGLE (Line Drive, 4D)
Cliff Dixon to third
Jason Nicholson to second
Batting: LHB John Braun 0-0: Called Strike
0-1: SINGLE (Groundball, 56D)
Cliff Dixon scores
Jason Nicholson to third
Alejandro Robles to second
Throwing error, E7
Jason Nicholson scores
Alejandro Robles to third
John Braun to second
Batting: RHB Mark Melton 0-0: Hit by Pitch
Batting: SHB Charles Waller 0-0: SINGLE (Groundball, 6M)
Alejandro Robles scores
John Braun to third
Mark Melton to second
Batting: SHB Jim Morris 0-0: Foul Ball, location: 2F
0-1: Foul Ball, location: 2F
0-2: Ball
1-2: Fly out, F9 (Flyball, 89M)
Batting: RHB Melvin Hunter 0-0: Called Strike
0-1: Ball
1-1: Swinging Strike
1-2: Foul Ball, location: 2F
1-2: Strikes out looking
Top of the 2nd over - 3 run(s), 4 hit(s), 1 error(s), 3 left on base; Rocky Mountain 3 - Montreal 0
BOTTOM OF THE 2ND
Montreal Rivermen batting - Pitching for Rocky Mountain Bears : RHP John Braun
Batting: LHB Ernesto Castro 0-0: Ball
1-0: Called Strike
1-1: SINGLE (Line Drive, 9LS)
Batting: RHB Jason Owens 0-0: Called Strike
0-1: Foul Ball, location: 2F
0-2: Ball
1-2: Ball
2-2: Ball
3-2: Ground out 4-3 (Groundball, 13)
Ernesto Castro to second
Batting: LHB Fai Huang 0-0: Ball
1-0: Foul Ball, location: 2F
1-1: Ball
2-1: Ball
3-1: Fly out, F9 (Flyball, 9LM)
Batting: RHB Ares Jilavian 0-0: Foul Ball, location: 2F
0-1: Called Strike
0-2: Ball
1-2: Ball
2-2: Foul Ball, location: 2F
2-2: Ground out 6-3 (Groundball, 6M)
Bottom of the 2nd over - 0 run(s), 1 hit(s), 0 error(s), 1 left on base; Rocky Mountain 3 - Montreal 0
TOP OF THE 3RD
Rocky Mountain Bears batting - Pitching for Montreal Rivermen : LHP Miguel Cruz
Batting: RHB Cliff Dixon 0-0: Ball
1-0: Ball
2-0: Ball
3-0: Called Strike
3-1: Foul Ball, location: 2F
3-2: SINGLE (Line Drive, 9LS)
Batting: RHB Merrill Campbell 0-0: Called Strike
0-1: Called Strike
0-2: SINGLE (Line Drive, 6)
Cliff Dixon to second
Batting: RHB Jason Nicholson 0-0: Ball
1-0: Foul Ball, location: 2F
1-1: Foul Ball, location: 2F
1-2: Foul Ball, location: 2F
1-2: Strikes out swinging
Batting: RHB Alejandro Robles 0-0: Called Strike
0-1: Ball
1-1: Foul Ball, location: 2F
1-2: Ball
2-2: Ball
3-2: Ground out 5-3 (Groundball, 5S)
Cliff Dixon to third
Merrill Campbell to second
Batting: LHB John Braun 0-0: Ball
1-0: Ball
2-0: Ground out 3-1 (Groundball, 34S)
Top of the 3rd over - 0 run(s), 2 hit(s), 0 error(s), 2 left on base; Rocky Mountain 3 - Montreal 0
BOTTOM OF THE 3RD
Montreal Rivermen batting - Pitching for Rocky Mountain Bears : RHP John Braun
Batting: LHB Miguel Cruz 0-0: Swinging Strike
0-1: Ball
1-1: Ball
2-1: Foul Ball, location: 2F
2-2: Ball
3-2: Foul Ball, location: 2F
3-2: Ground out 4-3 (Groundball, 4)
Batting: LHB António López 0-0: Called Strike
0-1: Foul Ball, location: 2F
0-2: Fly out, F4 (Popup, 4D)
Batting: RHB Dave King 0-0: Called Strike
0-1: Swinging Strike
0-2: Ball
1-2: Ball
2-2: Ball
3-2: Strikes out swinging
Bottom of the 3rd over - 0 run(s), 0 hit(s), 0 error(s), 0 left on base; Rocky Mountain 3 - Montreal 0
TOP OF THE 4TH
Rocky Mountain Bears batting - Pitching for Montreal Rivermen : LHP Miguel Cruz
Batting: RHB Mark Melton 0-0: Called Strike
0-1: Ball
1-1: Ground out 6-3 (Groundball, 6M)
Batting: SHB Charles Waller 0-0: Ball
1-0: Foul Ball, location: 2F
1-1: Ball
2-1: Ground out 2-3 (Groundball, 25)
Batting: SHB Jim Morris 0-0: Swinging Strike
0-1: Ball
1-1: DOUBLE (Line Drive, 7M)
Batting: RHB Melvin Hunter 0-0: SINGLE (Line Drive, 5)
Jim Morris to third
Batting: RHB Cliff Dixon 0-0: Called Strike
0-1: Ball
1-1: Ball
2-1: Fly out, F8 (Flyball, 8LM)
Top of the 4th over - 0 run(s), 2 hit(s), 0 error(s), 2 left on base; Rocky Mountain 3 - Montreal 0
BOTTOM OF THE 4TH
Montreal Rivermen batting - Pitching for Rocky Mountain Bears : RHP John Braun
Batting: LHB Peter Heath 0-0: Called Strike
0-1: Ball
1-1: Ground out 4-3 (Groundball, 34)
Batting: RHB Kevin Howard 0-0: Foul Ball, location: 2F
0-1: Foul Ball, location: 2F
0-2: Ball
1-2: Ball
2-2: Strikes out swinging
Batting: LHB Ernesto Castro 0-0: Called Strike
0-1: Ball
1-1: Ball
2-1: DOUBLE (Line Drive, 5D)
Batting: RHB Jason Owens 0-0: Foul Ball, location: 2F
0-1: SINGLE (Line Drive, 9LS)
Ernesto Castro to third
Batting: LHB Fai Huang 0-0: Ball
1-0: Foul Ball, location: 2F
1-1: Fly out, F6 (Popup, 6D)
Bottom of the 4th over - 0 run(s), 2 hit(s), 0 error(s), 2 left on base; Rocky Mountain 3 - Montreal 0
TOP OF THE 5TH
Rocky Mountain Bears batting - Pitching for Montreal Rivermen : LHP Miguel Cruz
Batting: RHB Merrill Campbell 0-0: Ground out 3-1 (Groundball, 34)
Batting: RHB Jason Nicholson 0-0: Ball
1-0: SINGLE (Line Drive, 8RS)
Batting: RHB Alejandro Robles 0-0: Called Strike
0-1: Grounds into double play, 5-4-3 (Groundball, 56)
Top of the 5th over - 0 run(s), 1 hit(s), 0 error(s), 1 left on base; Rocky Mountain 3 - Montreal 0
BOTTOM OF THE 5TH
Montreal Rivermen batting - Pitching for Rocky Mountain Bears : RHP John Braun
Batting: RHB Ares Jilavian 0-0: Called Strike
0-1: Ball
1-1: Swinging Strike
1-2: Strikes out swinging
Batting: LHB Miguel Cruz 0-0: Called Strike
0-1: SINGLE (Groundball, 34D)
Batting: LHB António López 0-0: Ball
1-0: Ball
2-0: Swinging Strike
2-1: Fly out, F7 (Flyball, 7M)
Batting: RHB Dave King 0-0: Ground out 5-3 (Groundball, 5)
Bottom of the 5th over - 0 run(s), 1 hit(s), 0 error(s), 1 left on base; Rocky Mountain 3 - Montreal 0
TOP OF THE 6TH
Rocky Mountain Bears batting - Pitching for Montreal Rivermen : LHP Miguel Cruz
Batting: LHB John Braun 0-0: Ball
1-0: Swinging Strike
1-1: Fly out, F9 (Line Drive, 89M)
Batting: RHB Mark Melton 0-0: Ball
1-0: Fly out, F7 (Line Drive, 7M)
Batting: SHB Charles Waller 0-0: SINGLE (Line Drive, 9S)
Batting: SHB Jim Morris 0-0: Fly out, F7 (Flyball, 7M)
Top of the 6th over - 0 run(s), 1 hit(s), 0 error(s), 1 left on base; Rocky Mountain 3 - Montreal 0
BOTTOM OF THE 6TH
Montreal Rivermen batting - Pitching for Rocky Mountain Bears : RHP John Braun
Batting: LHB Peter Heath 0-0: Swinging Strike
0-1: Swinging Strike
0-2: Ball
1-2: Ball
2-2: Foul Ball, location: 2F
2-2: SINGLE (Line Drive, 78S)
Batting: RHB Kevin Howard 0-0: Called Strike
0-1: Foul Ball, location: 2F
0-2: Foul Ball, location: 2F
0-2: Fly out, F8 (Flyball, 8RXD)
Batting: LHB Ernesto Castro 0-0: Called Strike
0-1: Foul Ball, location: 2F
0-2: Grounds into double play, 4-6-3 (Groundball, 4)
Bottom of the 6th over - 0 run(s), 1 hit(s), 0 error(s), 1 left on base; Rocky Mountain 3 - Montreal 0
TOP OF THE 7TH
Rocky Mountain Bears batting - Pitching for Montreal Rivermen : LHP Miguel Cruz
Batting: RHB Melvin Hunter 0-0: Called Strike
0-1: Swinging Strike
0-2: Foul Ball, location: 2F
0-2: Ball
1-2: Fly out, F9 (Flyball, 89XD)
Batting: RHB Cliff Dixon 0-0: Called Strike
0-1: Ball
1-1: Ball
2-1: Called Strike
2-2: Ball
3-2: Base on Balls
Batting: RHB Merrill Campbell 0-0: Called Strike
0-1: Swinging Strike
0-2: Foul Ball, location: 2F
0-2: Strikes out swinging
Batting: RHB Jason Nicholson 0-0: Called Strike
0-1: Swinging Strike
0-2: Ball
1-2: Ball
2-2: SINGLE (Groundball, 4MD)
Cliff Dixon to second
Pitching: RHP Luis Hernández
Batting: RHB Alejandro Robles 0-0: Called Strike
0-1: Swinging Strike
0-2: Ball
1-2: Ball
2-2: Ground out 5-3 (Groundball, 56S)
Top of the 7th over - 0 run(s), 1 hit(s), 0 error(s), 2 left on base; Rocky Mountain 3 - Montreal 0
BOTTOM OF THE 7TH
Montreal Rivermen batting - Pitching for Rocky Mountain Bears : RHP John Braun
Batting: RHB Jason Owens 0-0: Ground out 1-3 (Groundball, 13S)
Batting: LHB Fai Huang 0-0: Ball
1-0: Bunt for hit - play at first, batter OUT! 1-3
Batting: RHB Ares Jilavian 0-0: Ball
1-0: Foul Ball, location: 2F
1-1: Called Strike
1-2: Foul Ball, location: 2F
1-2: SINGLE (Flyball, 8LS)
Pinch Hitting: LHB Harold Logan 0-0: Ball
1-0: Ball
2-0: Ball
3-0: Base on Balls
Ares Jilavian to second
Batting: LHB António López 0-0: Ball
1-0: Ball
2-0: Called Strike
2-1: Swinging Strike
2-2: Strikes out looking
Bottom of the 7th over - 0 run(s), 1 hit(s), 0 error(s), 2 left on base; Rocky Mountain 3 - Montreal 0
TOP OF THE 8TH
Rocky Mountain Bears batting - Pitching for Montreal Rivermen : RHP Luis Hernández
Pitching: RHP Juan Lópes
Pinch Hitting: LHB George Taylor 0-0: Fly out, F6 (Popup, 6M)
Batting: RHB Mark Melton 0-0: Ball
1-0: Ball
2-0: Ball
3-0: Called Strike
3-1: Fly out, F7 (Flyball, 78M)
Batting: SHB Charles Waller 0-0: Ball
1-0: Called Strike
1-1: Foul Ball, location: 2F
1-2: Ball
2-2: Ball
3-2: Base on Balls
Batting: SHB Jim Morris 0-0: Swinging Strike
0-1: Foul Ball, location: 2F
0-2: Strikes out swinging
Top of the 8th over - 0 run(s), 0 hit(s), 0 error(s), 1 left on base; Rocky Mountain 3 - Montreal 0
BOTTOM OF THE 8TH
Montreal Rivermen batting - Pitching for Rocky Mountain Bears : RHP John Braun
Pitching: RHP Dae Yi
Now at C: Dan Finch
Batting: RHB Dave King 0-0: Called Strike
0-1: Ball
1-1: Ball
2-1: Called Strike
2-2: Ball
3-2: Foul Ball, location: 2F
3-2: Strikes out swinging
Batting: LHB Peter Heath 0-0: Called Strike
0-1: Ball
1-1: Ball
2-1: Ground out 4-3 (Groundball, 4)
Batting: RHB Kevin Howard 0-0: Foul Ball, location: 2F
0-1: Swinging Strike
0-2: Strikes out swinging
Bottom of the 8th over - 0 run(s), 0 hit(s), 0 error(s), 0 left on base; Rocky Mountain 3 - Montreal 0
TOP OF THE 9TH
Rocky Mountain Bears batting - Pitching for Montreal Rivermen : RHP Juan Lópes
Batting: RHB Melvin Hunter 0-0: Ground out 4-3 (Groundball, 34)
Batting: RHB Dan Finch 0-0: Ball
1-0: Ground out 4-3 (Groundball, 4)
Batting: RHB Merrill Campbell 0-0: Ball
1-0: Called Strike
1-1: Foul Ball, location: 2F
1-2: Strikes out swinging
Top of the 9th over - 0 run(s), 0 hit(s), 0 error(s), 0 left on base; Rocky Mountain 3 - Montreal 0
BOTTOM OF THE 9TH
Montreal Rivermen batting - Pitching for Rocky Mountain Bears : RHP Dae Yi
Pitching: RHP John Dodson
Now at 1B: Tim Walker
Batting: LHB Ernesto Castro 0-0: Ground out 1-3 (Groundball, 13)
Batting: RHB Jason Owens 0-0: Fly out, F9 (Flyball, 9M)
Batting: LHB Fai Huang 0-0: Ball
1-0: Swinging Strike
1-1: Swinging Strike
1-2: Ball
2-2: Foul Ball, location: 2F
2-2: Foul Ball, location: 2F
2-2: Foul Ball, location: 2F
2-2: Strikes out looking
Bottom of the 9th over - 0 run(s), 0 hit(s), 0 error(s), 0 left on base; Rocky Mountain 3 - Montreal 0
This league is powered by Out of the Park Baseball, the baseball management simulation game for PC, Mac and Linux
Thursday, April 24th, 2014 - OOTP Baseball 14.6 Build 33